 Dungeon Crawl Stone Soup version 0.21.1-1-g345015f (webtiles) character file.

462 inc the Chiller (level 7, -5/46 HPs)
             Began as a Barachi Ice Elementalist on June 17, 2018.
             Was an Initiate of Ashenzari.
             Slain by goulibeur's ghost (6 damage)
             ... on level 6 of the Dungeon.
             The game lasted 00:08:48 (4088 turns).

inc the Chiller (Barachi Ice Elementalist)          Turns: 4088, Time: 00:08:49

Health: -5/46      AC:  5    Str:  9    XL:     7   Next: 7%
Magic:  13/13      EV: 12    Int: 17    God:    Ashenzari [......]
Gold:   195        SH:  0    Dex: 13    Spells: 7/15 levels left

rFire    . . .     SeeInvis .   d - +0 whip
rCold    . . .     Gourm    .   (no shield)
rNeg     . . .     Faith    .   o - +0 leather armour
rPois    .         Spirit   .   n - +0 helmet (curse)
rElec    .         Reflect  .   (no cloak)
rCorr    .         Harm     .   g - +0 pair of gloves
MR       .....                  (no boots)
Stlth    ++........             (no amulet)
HPRegen  0.15/turn              (no ring)
MPRegen  0.13/turn              (no ring)

@: berserk cooldown, slowed, very slow
A: +LOS, swims, slowness 1, strong legs 1
a: Hop, Curse Item, Renounce Religion


You were on level 6 of the Dungeon.
You worshipped Ashenzari.
Ashenzari was noncommittal.
You were very hungry.

You visited 1 branch of the dungeon, and saw 6 of its levels.

You collected 195 gold pieces.

Inventory:

Hand Weapons
 d - a +0 whip (weapon)
 v - a -3 blowgun
Missiles
 w - 13 poisoned needles
Armour
 a - a +0 robe
 g - a +0 pair of gloves (worn)
 n - a cursed +0 helmet (worn)
 o - a +0 leather armour (worn)
Jewellery
 p - an uncursed ring of teleportation
Wands
 r - a wand of iceblast (9)
Scrolls
 f - a scroll of noise {unknown}
 u - a scroll of blinking {unknown}
 y - a scroll of immolation {unknown}
Potions
 e - a potion of haste {unknown}
 h - a potion of brilliance {unknown}
 j - a potion of mutation
 m - a potion of curing
 x - a potion of agility {unknown}
Books
 b - a book of Frost

   Spells                             Type                      Level
   a - Freeze                         Ice                          1
   b - Throw Frost                    Conjuration/Ice              2
   c - Ozocubu's Armour               Charms/Ice                   3
   d - Throw Icicle                   Conjuration/Ice              4
   e - Summon Ice Beast               Ice/Summoning                4
Comestibles
 c - 9 rations


   Skills:
 - Level 2.1 Dodging
 - Level 1.7 Stealth
 - Level 4.5 Spellcasting
   Level 1.1 Conjurations
 + Level 4.2 Summonings
 - Level 6.4 Ice Magic


You had 7 spell levels left.
You knew the following spells:

 Your Spells              Type           Power        Failure   Level  Hunger
a - Freeze                Ice            ####         1%          1    None
b - Ozocubu's Armour      Chrm/Ice       ##......     17%         3    ###....
c - Summon Ice Beast      Ice/Summ       ###.....     22%         4    ####...


Dungeon Overview and Level Annotations

Branches:
Dungeon (7/15)
 Temple: D:4-7

Altars:
Ashenzari
Hepliaklqana
Ru
Wu Jian

Annotations:
D:6 goulibeur's ghost, novice DsAK


Innate Abilities, Weirdness & Mutations

Shadows flee at your approach. (+LOS)
You can swim through water.
You cover ground slowly.
You can hop short distances.


Message History

Goulibeur's ghost is almost destroyed.
Goulibeur's ghost barely misses you.
You hit goulibeur's ghost but do no damage.
Goulibeur's ghost is almost destroyed.
You hit goulibeur's ghost but do no damage.
Goulibeur's ghost is almost destroyed.
You are no longer berserk.
You are exhausted.
You feel yourself slow down. Goulibeur's ghost hits you.
* * * LOW HITPOINT WARNING * * *
Goulibeur's ghost freezes you.
* * * LOW HITPOINT WARNING * * *
You hit goulibeur's ghost.
Goulibeur's ghost is almost destroyed.
Goulibeur's ghost hits you.
* * * LOW HITPOINT WARNING * * *
Goulibeur's ghost freezes you.
* * * LOW HITPOINT WARNING * * *
Goulibeur's ghost hits you.
You die...

#..#######
#.#W....#
#######.>.###.#
..........# #.#
########.####.##
#....#.W#
####.##.# #.##.#
#.@W.# ######


You could see goulibeur's ghost.

Vanquished Creatures
  A sky beast (D:3)
  A bullfrog (D:7)
  A howler monkey (D:4)
  3 worker ants
  3 hound skeletons
  A worker ant zombie (D:3)
  6 adders
  An ooze (D:4)
  3 adder skeletons
  2 worms
  2 dart slugs (D:2)
  2 leopard geckos
  3 orcs
  3 bats
  5 giant cockroaches
  5 goblins
  4 hobgoblins
  4 jackals (D:3)
  7 kobolds
  3 quokkas
  A ball python (D:2)
  4 frilled lizards
  8 rats
73 creatures vanquished.

Notes
Turn   | Place    | Note
-------+----------+-------------------------------------------
     0 | D:1      | inc the Barachi Ice Elementalist began the quest for the Orb.
     0 | D:1      | Reached XP level 1. HP: 13/13 MP: 3/3
    48 | D:1      | Reached skill level 4 in Ice Magic
   387 | D:1      | Reached XP level 2. HP: 19/19 MP: 5/5
   388 | D:1      | You fall through a shaft!
   905 | D:1      | Reached XP level 3. HP: 18/24 MP: 4/6
  1183 | D:2      | Reached skill level 5 in Ice Magic
  1183 | D:2      | Reached XP level 4. HP: 16/30 MP: 2/8
  2026 | D:3      | Reached XP level 5. HP: 35/35 MP: 8/10
  2814 | D:3      | Noticed a sky beast
  2825 | D:3      | Killed a sky beast
  2825 | D:3      | Reached skill level 6 in Ice Magic
  2825 | D:3      | Reached XP level 6. HP: 7/41 MP: 3/12
  3103 | D:3      | Learned a level 3 spell: Ozocubu's Armour
  3108 | D:3      | Learned a level 4 spell: Summon Ice Beast
  3367 | D:4      | Found a shattered altar of Ashenzari.
  3406 | D:4      | Reached skill level 1 in Summonings
  3419 | D:4      | Found a sacrificial altar of Ru.
  3419 | D:4      | Found a hazy altar of Hepliaklqana.
  3423 | D:4      | Found an ornate altar of the Wu Jian Council.
  3479 | D:4      | Became a worshipper of Ashenzari the Shackled
  3851 | D:4      | You fall through a shaft for 3 floors!
  3889 | D:7      | Reached XP level 7. HP: 43/46 MP: 6/13
  4012 | D:6      | Noticed goulibeur's ghost (novice DsAK)
  4087 | D:6      | HP: 2/46 [goulibeur's ghost (2)]
  4088 | D:6      | Slain by goulibeur's ghost

Skill      XL: |  1  2  3  4  5  6  7 |
---------------+----------------------+-----
Ice Magic      | 4 5 6 |  6.4
Spellcasting   | 3 4 |  4.5
Summonings     | 3 4 |  4.2
Dodging        | |  2.1
Stealth        | |  1.7
Conjurations   | |  1.1

Action                   |  1- 3 |  4- 6 |  7- 9 || total
-------------------------+-------+-------+-------++-------
Melee: Whip              |    16 |   102 |    14 ||   132
       Unarmed           |     7 |       |    42 ||    49
 Cast: Freeze            |    36 |    65 |     9 ||   110
       Ozocubu's Armour  |       |     2 |     1 ||     3
Invok: Curse Item        |       |     1 |       ||     1
 Abil: Hop               |       |     1 |     1 ||     2
  Use: Scroll            |       |     4 |     4 ||     8
       Potion            |       |     1 |     3 ||     4
 Stab: Sleeping          |       |     3 |       ||     3
  Eat: Chunk             |     1 |     6 |       ||     7
       Ration            |       |     1 |       ||     1
Armor: Robe              |    10 |     1 |       ||    11
       Leather armour    |       |    56 |     8 ||    64
       Skin              |       |     4 |    36 ||    40
Dodge: Dodged            |    48 |   113 |     8 ||   169
